 Dungeon Crawl Stone Soup version 0.29.1-4-g47bece8355 (webtiles) character file.

Game seed: 12507661794273946235

102 hawla the Chiller (level 5, -1/38 HPs)
             Began as a Meteoran Ice Elementalist on Dec 10, 2022.
             Slain by a mummy (10 damage)
             ... in an ossuary.
             The game lasted 00:09:58 (1004 turns).

hawla the Chiller (Meteoran Ice Elementalist)       Turns: 1004, Time: 00:09:59

Health: -1/38      AC:  3    Str: 10    XL:     5   Next: 27%
Magic:  5/11       EV: 12    Int: 18    God:
Gold:   97         SH:  0    Dex: 14    Spells: 3/11 levels left

rFire   . . .      SeeInvis .   (no weapon)
rCold   . . .      Faith    .   (no shield)
rNeg    . . .      Spirit   .   a - +1 robe
rPois   .          Reflect  .   (no helmet)
rElec   .          Harm     .   (no cloak)
rCorr   .          Rampage  .   (no gloves)
Will    .....                   (no boots)
Stlth   +.........              (no amulet)
HPRegen 0.12/turn               (no ring)
MPRegen 0.12/turn               (no ring)

@: marked, freezing walls, glowing
A: sense surroundings 1, otherworldly, glowing, explore regen
a: no special abilities


You were in an ossuary.
You visited 1 branch of the dungeon, and saw 4 of its levels.
You also visited: Ossuary.

You collected 97 gold pieces.

Inventory:

Armour
 a - a +1 robe (worn)
Wands
 c - a wand of charming (9)
 h - a wand of digging (2)
Scrolls
 g - a scroll of fear {unknown}
Potions
 d - 2 potions of brilliance
 f - a potion of cancellation


   Skills:
 + Level 0.2 Fighting
 - Level 2.7 Dodging
 - Level 1.4 Stealth
 - Level 3.8 Spellcasting
 + Level 0.1 Conjurations
 + Level 5.8 Ice Magic


You had 3 spell levels left.
You knew the following spells:

 Your Spells              Type           Power      Damage    Failure   Level
a - Freeze                Ice            96%        1d11      1%          1
b - Frozen Ramparts       Ice            48%        1d8       4%          3
c - Hailstorm             Conj/Ice       14%        3d5       41%         4

Your spell library contained the following spells:

 Spells                   Type           Power      Damage    Failure   Level
 Ozocubu's Armour         Ice            24%        N/A       4%          3


Dungeon Overview and Level Annotations

Branches:
Dungeon (4/15) Zot: 1821  Ossuary (1/1) Zot: 169
 Temple: D:4-7

Altars:
Elyvilon


Innate Abilities, Weirdness & Mutations

You passively map a small area around you.
You are easily found by Zot.
You glow in the dark.
You regain HP and MP as you explore.


Message History

Press: ? - help, Dir - look around, f - activate A cannonade of hail descends around you!
The hail pelts the mummy.
The mummy partially resists.
The mummy is moderately damaged.
The hail pelts the orc skeleton.
The orc skeleton partially resists.
The orc skeleton is severely damaged.
Casting: Hailstorm (extremely dangerous; 41% risk of failure)
Confirm with . or Enter, or press ? or * to list all spells.
Casting: Frozen Ramparts (dangerous; 4% risk of failure)
Press: ? - help, Dir - look around, f - activate The walls around you are covered in ice.
The orc skeleton completely resists.
The wall freezes the orc skeleton but does no damage.
The orc skeleton resists.
The wall freezes the orc skeleton.
Unknown command.
You hit the mummy.
The mummy is moderately damaged.
You barely miss the mummy.
The mummy is moderately damaged.
The orc skeleton completely resists.
The wall freezes the orc skeleton but does no damage.
The orc skeleton resists.
The wall freezes the orc skeleton.
You destroy the orc skeleton!
The mummy resists.
The wall freezes the mummy.
The mummy hits you!
* * * LOW HITPOINT WARNING * * *
You barely miss the mummy.
The mummy is heavily damaged.
The orc skeleton resists.
The wall freezes the orc skeleton.
Unknown command.
You hit the mummy.
The mummy is severely damaged.
The mummy resists.
The wall freezes the mummy.
The mummy hits you!
* * * LOW HITPOINT WARNING * * *
The goblin skeleton completely resists.
The wall freezes the goblin skeleton but does no damage.
The orc skeleton resists.
The wall freezes the orc skeleton.
You feel better.
The mummy completely resists.
The wall freezes the mummy but does no damage.
The mummy hits you!
You die...

^##..## , * ##..##..## ##..## , ,
* ##.^##..## #..## ,, ∩ ,* ,
##..##..## ..## * ##..##..## .##
* ,, , ##..##.^## ##, * * *
,##..##.^# # , , , ##..##..
########################..##..##.
................@MZZZ......##..##
##############################..#
.................................
#################################


You could see a mummy, a goblin zombie, a goblin skeleton and an orc skeleton.

Vanquished Creatures
  Ijyb (D:3)
  Robin (D:3)
  3 endoplasms
  A giant cockroach (D:1)
  8 goblins
  3 hobgoblins
  4 jackals
  A quokka (D:4)
  4 ball pythons
  A bat (D:1)
  2 frilled lizards
  5 gnoll skeletons (Ossuary)
  2 gnoll zombies (Ossuary)
  3 goblin skeletons (Ossuary)
  7 goblin zombies (Ossuary)
  3 hobgoblin skeletons (Ossuary)
  7 hobgoblin zombies (Ossuary)
  2 kobolds
  A kobold skeleton (Ossuary)
  A kobold zombie (Ossuary)
  5 orc skeletons (Ossuary)
  3 orc zombies (Ossuary)
  A rat (D:3)
  2 rat skeletons (Ossuary)
  2 rat zombies (Ossuary)
73 creatures vanquished.

Notes
Turn   | Place    | Note
-------+----------+-------------------------------------------
     0 | D:1      | hawla the Meteoran Ice Elementalist began the quest for the
                  | Orb.
     0 | D:1      | Reached XP level 1. HP: 14/14 MP: 5/5
    81 | D:1      | Found a faded altar of an unknown god.
    90 | D:1      | Reached XP level 2. HP: 13/20 MP: 2/6
   199 | D:2      | Reached XP level 3. HP: 18/26 MP: 4/8
   200 | D:2      | Reached skill level 5 in Ice Magic
   420 | D:3      | Noticed Robin
   427 | D:3      | Killed Robin
   436 | D:3      | Reached XP level 4. HP: 20/33 MP: 0/9
   440 | D:3      | Learned a level 3 spell: Frozen Ramparts
   476 | D:3      | Found a white marble altar of Elyvilon.
   496 | D:3      | Noticed Ijyb
   504 | D:3      | Killed Ijyb
   522 | D:4      | Learned a level 4 spell: Hailstorm
   561 | D:4      | Found a sand-covered staircase.
   574 | Ossuary  | Entered an ossuary
   652 | Ossuary  | Reached XP level 5. HP: 28/38 MP: 0/11
  1004 | Ossuary  | Slain by a mummy

Illustrated notes

Levels and vault maps discovered:
D:1:      nzn_arrival_depleted_hourglass, layout_rooms,
          chequers_ecumenical_altar_island, nicolae_figureground_sparkle
D:2:      layout_basic, minmay_tromino_v4_b
D:3:      layout_basic, nicolae_elyvilon_peaceful_grove,
          mainiacjoe_overflow_alcove_4, lightli_sewer_entry_pipes,
          grunt_decor_cap, uniq_ijyb, uniq_grinder, uniq_robin, uniq_sigmund
D:4:      layout_loops_ring, mainiacjoe_overflow_surrounded_room,
          nicolae_ossuary_entry_monument
Ossuary:  ossuary_due_pyramid

Skill      XL: |  1  2  3 |
---------------+----------+-----
Spellcasting   | 3 |  3.8
Ice Magic      | 5 |  5.8
Fighting       | |  0.2
Dodging        | |  2.7
Stealth        | |  1.4
Conjurations   | |  0.1

Action                   |  1- 3 |  4- 6 || total
-------------------------+-------+-------++-------
Melee: Unarmed           |     7 |   192 ||   199
       Punch             |       |     5 ||     5
 Cast: Freeze            |    34 |    14 ||    48
       Frozen Ramparts   |       |    16 ||    16
       Hailstorm         |       |     4 ||     4
  Use: Scroll            |     6 |     1 ||     7
       Potion            |       |     3 ||     3
Armor: Robe              |    16 |    58 ||    74
Dodge: Dodged            |    20 |    87 ||   107
